 Dungeon Crawl Stone Soup version 0.31-a0-265-gcf7e37af1d (webtiles) character file.

Game seed: 1792176744209478782

113 qw the Shooter (level 4, -6/36 HPs)
             Began as a Minotaur Hexslinger on July 13, 2023.
             Mangled by Natasha (8 damage)
             ... on level 2 of the Dungeon.
             The game lasted 00:00:31 (1577 turns).

qw the Shooter (Minotaur Hexslinger)                Turns: 1577, Time: 00:00:32

Health: -6/36      AC:  3    Str: 12    XL:     4   Next: 65%
Magic:  4/4        EV: 12    Int: 10    God:
Gold:   101        SH:  0    Dex: 15    Spells: 4/5 levels left

rFire   . . .        Y - +2 sling
rCold   . . .        (no shield)
rNeg    . . .        e - +0 leather armour {rPois}
rPois   +            (helmet restricted)
rElec   .            (no cloak)
rCorr   .            (no gloves)
SInv    .            (no boots)
Will    .....        (no amulet)
Stlth   +            (no ring)
HPRegen 0.26/turn    (no ring)
MPRegen 0.09/turn

%: no passive effects
@: slowed, very slow
A: horns 2, retaliatory headbutt
a: no special abilities


You were on level 2 of the Dungeon.
You visited 1 branch of the dungeon, and saw 2 of its levels.

You collected 101 gold pieces.


Innate Abilities, Weirdness & Mutations

You have a pair of horns on your head.
You reflexively headbutt those who attack you in melee.


   Skills:
 + Level 2.0 Fighting
 - Level 5.2 Ranged Weapons
 - Level 2.1 Dodging
 - Level 1.0 Spellcasting
 - Level 2.0 Hexes


You had 4 spell levels left.
You knew the following spells:

 Your Spells              Type           Power      Damage    Failure   Level
a - Slow                  Hex            16%        N/A       19%         1

Your spell library contained the following spells:

 Spells                   Type           Power      Damage    Failure   Level
 Inner Flame              Hex/Fire       2%         N/A       65%         3
 Portal Projectile        Hex/Tloc       4%         N/A       65%         3
 Cause Fear               Hex            2%         N/A       88%         4

Inventory:

Hand Weapons
 Y - a +2 sling (weapon)
Armour
 c - a +0 ring mail
 e - a +0 leather armour of poison resistance (worn)
 g - a +0 pair of boots
Scrolls
 a - 4 scrolls of identify
 f - a scroll of vulnerability {unknown}
Potions
 b - 2 potions of heal wounds {unknown}
 d - a potion of curing {unknown}

Dungeon Overview and Level Annotations

Branches:
Dungeon (2/15)

Altars:

Annotations:
D:2 Natasha


Message History

Natasha casts a spell at you.
You feel yourself slow down.
You shoot a sling bullet. The sling bullet hits Natasha.
You kill Natasha!
Natasha screams in fury as she dies!
Your Ranged Weapons skill increases to level 5!
You start resting.
A goblin comes into view. It is wielding a +0 club.
You shoot a sling bullet. The goblin shouts!
The sling bullet hits the goblin!
You kill the goblin!
You start resting.
Natasha, Servant of Life and Death comes into view.
You shoot a sling bullet.
The sling bullet closely misses Natasha.
Natasha casts a spell.
Natasha barely misses you.
You shoot a sling bullet. The sling bullet barely misses Natasha.
The sling bullet hits the cerulean imp.
The cerulean imp is lightly wounded.
Natasha claws you.
The cerulean imp hits you from afar with a +2 spear.
Natasha casts a spell.
You shoot a sling bullet. The sling bullet hits Natasha.
Natasha is moderately wounded.
The cerulean imp hits you from afar with a +2 spear.
Natasha stares at you and mumbles some strange words.
You feel as though you will be slow longer.
The cerulean imp closely misses you.
The cerulean imp hits you from afar with a +2 spear.
You shoot a sling bullet.
The sling bullet hits Natasha but does no damage.
Natasha is moderately wounded.
Natasha mewls in sadness.
Natasha barely misses you. You furiously retaliate!
You headbutt Natasha, but do no damage.
The cerulean imp hits you from afar with a +2 spear.
The cerulean imp misses you. Natasha claws you!
You die...

#..#######. ######....#.?##
#.......#[#.##.
#.#####.###.... ..# #.#
#..#..### #.# #.# ##....# #.#
#.# #.#..# #.# ######.# #.#..#
#.###5h@...# #.####
#.#..5###### #.# #.#.).#
###.### ##<#...#### #.....#
#####..)....>.######.###.####
......................# #.(..#
.#####.........###.##.###.#...
##.#...#### #.........#.#
#..#...# ######.#.##.#


You could see Natasha and 2 cerulean imps.

Vanquished Creatures
  Natasha (twice) (D:2)
  An adder (D:2)
  A worm (D:2)
  3 dart slugs
  4 endoplasms
  A giant cockroach (D:1)
  5 goblins
  5 hobgoblins
  5 kobolds
  3 quokkas (D:1)
  5 ball pythons (D:1)
  5 bats
  A frilled lizard (D:1)
  A rat (D:2)
42 creatures vanquished.

Notes
Turn   | Place    | Note
-------+----------+-------------------------------------------
     0 | D:1      | qw the Minotaur Hexslinger began the quest for the Orb.
     0 | D:1      | Reached XP level 1. HP: 16/16 MP: 1/1
     0 | D:1      | 0 ||| qw: Version: 0.3-a-52-g30416fa
     0 | D:1      | 0 ||| qw: Game counter: 7573
     0 | D:1      | 0 ||| qw: Melee chars always use a shield: true
     0 | D:1      | 0 ||| qw: God list: Okawaru
     0 | D:1      | 0 ||| qw: Allow faded altars: false
     0 | D:1      | 0 ||| qw: Do Orc after clearing Dungeon:15 true
     0 | D:1      | 0 ||| qw: Do second Lair branch before Depths: true
     0 | D:1      | 0 ||| qw: Lair rune preference: random
     0 | D:1      | 0 ||| qw: Goals: Normal
     0 | D:1      | 0 ||| PLANNING D:1-11
    66 | D:1      | Reached skill level 3 in Ranged Weapons
    66 | D:1      | Reached XP level 2. HP: 11/23 MP: 2/2
   508 | D:1      | Reached XP level 3. HP: 29/29 MP: 3/3
   849 | D:1      | Found a faded altar of an unknown god.
  1196 | D:1      | 1196 ||| UPGRADING to +0 leather armour of poison
                  | resistance.
  1206 | D:1      | 1206 ||| DROPPING +0 robe.
  1207 | D:1      | 1207 ||| READING 3 scrolls labelled IDO PYCKESTREYRO.
  1208 | D:1      | 1208 ||| READING scroll labelled OMOLAGR PAURIO.
  1209 | D:1      | 1209 ||| READING scroll labelled UXEBRE ECILO.
  1210 | D:1      | 1210 ||| DROPPING scroll of poison.
  1240 | D:2      | Reached skill level 4 in Ranged Weapons
  1427 | D:2      | Noticed Natasha
  1434 | D:2      | Killed Natasha
  1435 | D:2      | Reached XP level 4. HP: 22/36 MP: 4/4
  1548 | D:2      | Noticed Natasha
  1552 | D:2      | 1552 ||| Stepping ~*~*~tactically~*~*~ (outnumbered).
  1558 | D:2      | HP: 9/36 [Natasha/magic dart (9)]
  1561 | D:2      | Killed Natasha
  1562 | D:2      | Reached skill level 5 in Ranged Weapons
  1573 | D:2      | Noticed Natasha
  1576 | D:2      | HP: 4/36 [cerulean imp/+2 spear[Natasha] (6)]
  1577 | D:2      | Mangled by Natasha

Levels and vault maps discovered:
D:1:      saegor_arrival_fortress, layout_basic,
          dilly_ecumenical_altar_fadedgnrine, minmay_surrounded
D:2:      layout_loops_ring, kennysheep_minor_cross, minmay_hexomino_u4,
          uniq_natasha

Skill      XL: |  1  2  3  4 |
---------------+-------------+-----
Ranged Weapons | 3 4 5 |  5.2
Fighting       | 2 |  2.0
Dodging        | |  2.1
Spellcasting   | |  1.0
Hexes          | |  2.0

Action                     |  1- 3 |  4- 6 || total
---------------------------+-------+-------++-------
   Fire: Sling             |   108 |    22 ||   130
    Use: Scroll            |     3 |       ||     3
 Armour: Robe              |     5 |       ||     5
         Leather armour    |     1 |     1 ||     2
  Dodge: Dodged            |    28 |    11 ||    39

Table legend:
 A = Non-vault XP
 B = Vault XP
 C = Vault XP percentage of total XP
 D = Non-vault monster count
 E = Vault monster count
 F = Vault count percentage of total count
                 A         B        C        D         E       F
            +---------+---------+-------+---------+---------+-------
      Total |     107 |      55 |  34.0 |      35 |       7 |  16.7
            +---------+---------+-------+---------+---------+-------
        D:1 |      49 |       6 |  10.9 |      25 |       4 |  13.8
        D:2 |      58 |      49 |  45.8 |      10 |       3 |  23.1
            +---------+---------+-------+---------+---------+-------
